Flames vs Oilers

Created - December 1 2007 at 11:34

Goals
1 2 3 T
Flames 0 0 0 0
Oilers 1 0 1 2
Shots
1 2 3 T
Flames 8 12 5 25
Oilers 6 7 10 23

Period #1

1. Oilers , Raffi Torres 3 (Ethan Moreau, Alexander Perezhogin) at 8:51

Penalties :
Daymond Langkow (CGY) for Interference (Minor) at 0:28, Daniel Tjarnqvist (EDM) for Holding (Minor) at 0:49, Petr Sykora (EDM) for Hooking (Minor) at 4:51, Andrew Ference (CGY) for Hooking (Minor) at 18:56

Period #2

No Goal

Penalties :
Roman Hamrlik (CGY) for Cross-checking (Minor) at 2:11, Rhett Warrener (CGY) for Interference (Minor) at 6:42, Nicklas Lidstrom (EDM) for Cross-checking (Minor) at 9:53, Pierre-Marc Bouchard (EDM) for Unsportsmanlike conduct (Major / Game Misconduct) at 14:31

Period #3

2. Oilers , Saku Koivu 8 (Fernando Pisani, Nicklas Lidstrom) at 16:41

Penalties :
Alex Tanguay (CGY) for Hooking (Minor) at 8:57, Saku Koivu (EDM) for Roughing (Minor) at 9:49, Daymond Langkow (CGY) for Interference (Minor) at 9:49, Alex Tanguay (CGY) for Hooking (Minor) at 17:08

Goalie Stats

Nikolai Khabibulin (CGY), 21 saves from 23 shots - (0.913), L, 5-3-0, 60:00 minutes
Dwayne Roloson (EDM), 25 saves from 25 shots - (1.000), W, 14-15-1, 60:00 minutes

Players Stats

Flames
Player Name              G  A  P  +/- PIM S  H  SB FO MP 
-----------------------------------------------------------
Alex Tanguay             0  0  0  -1  4   3  1  1  2  19 
Andrew Ference           0  0  0   0  2   1  0  2  0  17 
Bill Guerin              0  0  0  -2  0   4  1  0  3  17 
Brian Willsie            0  0  0   0  0   0  1  0  0  8  
Craig Conroy             0  0  0   0  0   1  0  0  10 13 
Craig Macdonald          0  0  0   0  0   0  0  0  9  13 
Daymond Langkow          0  0  0   0  4   3  1  0  19 18 
Dion Phaneuf             0  0  0  -1  0   2  1  0  0  24 
Jarome Iginla            0  0  0  -1  0   1  3  0  3  20 
Jaroslav Modry           0  0  0  -1  0   1  0  1  0  23 
Jussi Jokinen            0  0  0   0  0   2  0  0  7  10 
Kristian Huselius        0  0  0  -1  0   3  2  1  6  20 
Marcus Nilson            0  0  0   0  0   0  1  0  1  17 
Matthew Lombardi         0  0  0  -1  0   2  2  0  18 13 
Mike Johnson             0  0  0   0  0   2  5  0  2  14 
Rhett Warrener           0  0  0   0  2   0  0  0  0  10 
Robyn Regehr             0  0  0  -1  0   0  1  1  0  23 
Roman Hamrlik            0  0  0  -1  2   0  0  1  0  23 
Oilers
Player Name              G  A  P  +/- PIM S  H  SB FO MP 
-----------------------------------------------------------
Alexander Perezhogin     0  1  1   1  0   1  0  0  2  17 
Daniel Tjarnqvist        0  0  0   0  2   0  0  2  0  21 
Danny Syvret             0  0  0   1  0   1  0  0  0  18 
Ethan Moreau             0  1  1   1  0   0  2  1  8  20 
Fernando Pisani          0  1  1   1  0   1  0  0  1  20 
Francis Bouillon         0  0  0   1  0   0  1  4  0  20 
Jaroslav Spacek          0  0  0   0  0   2  0  2  0  24 
Marty Reasoner           0  0  0   0  0   1  0  0  6  9  
Nicklas Lidstrom         0  1  1   1  2   0  0  1  0  24 
Patrick Thoresen         0  0  0   0  0   1  0  0  1  7  
Petr Sykora              0  0  0   0  2   2  2  0  0  18 
Pierre-Marc Bouchard     0  0  0   0  15  0  2  1  5  12 
Raffi Torres             1  0  1   1  0   2  0  0  0  10 
Ryan Johnson             0  0  0   0  0   0  0  0  10 10 
Ryan Smyth               0  0  0   0  0   4  1  1  1  18 
Saku Koivu               1  0  1   1  2   3  2  0  21 20 
Shawn Horcoff            0  0  0   1  0   3  1  0  25 24 
Steve Staios             0  0  0   1  0   2  0  0  0  15 

3 Stars

1 - Dwayne Roloson (EDM)
2 - Saku Koivu (EDM)
3 - Raffi Torres (EDM)

Power Play

Flames - 0 on 4 Attempt(s) - 0.00%
Oilers - 0 on 6 Attempt(s) - 0.00%

Penalty Kill

Flames - 6 on 6 Attempt(s) - 100.00% - Score 0 goal in Penalty Kill
Oilers - 4 on 4 Attempt(s) - 100.00% - Score 0 goal in Penalty Kill

Game Notes

Pierre-Marc Bouchard ejected from game at 14:31 of 2nd period
Pierre-Marc Bouchard from Oilers is suspended for 5 game(s)

Finance

Level 1 -- Attendance: 3548 (70.96%) -- Ticket Income $354,800.00
Level 2 -- Attendance: 3786 (89.09%) -- Ticket Income $170,370.00
Level 3 -- Attendance: 1804 (84.36%) -- Ticket Income $54,120.00
Level 4 -- Attendance: 3861 (96.53%) -- Ticket Income $77,220.00
Luxury Box -- Attendance: 912 (91.18%) -- Ticket Income $182,400.00
Game was played at the Rexall Place
Total Attendance: 13911 (84.88%)
Total Ticket Income: $847,340.80
Other Income: $135,360.00
Total Income: $982,701.00


Play by Play

Period #1

0:01 of 1st period - Saku Koivu wins face-off versus Daymond Langkow in neutral zone.
0:28 of 1st period - Minor Penalty to Daymond Langkow for Interference.
0:29 of 1st period - Shawn Horcoff wins face-off versus Craig Macdonald in Flames zone.
0:49 of 1st period - Minor Penalty to Daniel Tjarnqvist for Holding.
0:50 of 1st period - Saku Koivu wins face-off versus Jarome Iginla in Oilers zone.
2:00 of 1st period - Shot by Shawn Horcoff.
2:00 of 1st period - Stopped by Nikolai Khabibulin without a rebound.
2:01 of 1st period - Shawn Horcoff wins face-off versus Jarome Iginla in Flames zone.
2:31 of 1st period - Shot by Matthew Lombardi.
2:31 of 1st period - Stopped by Dwayne Roloson without a rebound.
2:32 of 1st period - Matthew Lombardi wins face-off versus Ryan Johnson in Oilers zone.
3:02 of 1st period - Nicklas Lidstrom is hit by Mike Johnson.
4:11 of 1st period - Icing by Roman Hamrlik.
4:12 of 1st period - Shawn Horcoff wins face-off versus Craig Conroy in Flames zone.
4:47 of 1st period - Francis Bouillon is hit by Robyn Regehr and loses puck.
4:51 of 1st period - Minor Penalty to Petr Sykora for Hooking.
4:52 of 1st period - Shawn Horcoff wins face-off versus Daymond Langkow in Oilers zone.
5:13 of 1st period - Shot by Alex Tanguay.
5:13 of 1st period - Shot Misses the Net.
6:04 of 1st period - Shot by Kristian Huselius.
6:04 of 1st period - Deflect By Bill Guerin.
6:04 of 1st period - Stopped by Dwayne Roloson with a rebound.
6:06 of 1st period - Shot by Jaroslav Modry.
6:06 of 1st period - Stopped by Dwayne Roloson without a rebound.
6:07 of 1st period - Fernando Pisani wins face-off versus Matthew Lombardi in Oilers zone.
6:07 of 1st period - Fernando Pisani is hit by Matthew Lombardi.
6:48 of 1st period - Icing by Jarome Iginla.
6:49 of 1st period - Daymond Langkow wins face-off versus Ryan Johnson in Flames zone.
7:26 of 1st period - Shot by Mike Johnson.
7:26 of 1st period - Stopped by Dwayne Roloson without a rebound.
7:27 of 1st period - Alex Tanguay wins face-off versus Pierre-Marc Bouchard in Oilers zone.
7:27 of 1st period - Alex Tanguay is hit by Pierre-Marc Bouchard.
7:30 of 1st period - Daymond Langkow is hit by Petr Sykora and loses puck.
7:55 of 1st period - Shot by Ryan Smyth.
7:55 of 1st period - Stopped by Nikolai Khabibulin without a rebound.
7:56 of 1st period - Saku Koivu wins face-off versus Matthew Lombardi in Flames zone.
8:17 of 1st period - Shot by Fernando Pisani.
8:17 of 1st period - Shot Blocked by Robyn Regehr.
8:49 of 1st period - Shot by Ethan Moreau.
8:49 of 1st period - Shot Misses the Net.
8:51 of 1st period - Shot by Raffi Torres.
8:51 of 1st period - Goal by Raffi Torres - Flames : 0 - Oilers : 1.
8:52 of 1st period - Shawn Horcoff wins face-off versus Jussi Jokinen in neutral zone.
8:57 of 1st period - Shot by Ryan Smyth.
8:57 of 1st period - Shot Misses the Net.
10:02 of 1st period - Icing by Daniel Tjarnqvist.
10:03 of 1st period - Craig Macdonald wins face-off versus Shawn Horcoff in Oilers zone.
10:04 of 1st period - Shot by Craig Conroy.
10:04 of 1st period - Shot Blocked by Daniel Tjarnqvist.
10:06 of 1st period - Shot by Craig Conroy.
10:06 of 1st period - Shot Misses the Net.
10:10 of 1st period - Shot by Craig Conroy.
10:10 of 1st period - Shot Misses the Net.
10:12 of 1st period - Shot by Craig Macdonald.
10:12 of 1st period - Shot Misses the Net.
10:14 of 1st period - Shot by Dion Phaneuf.
10:14 of 1st period - Deflect By Craig Conroy.
10:14 of 1st period - Stopped by Dwayne Roloson with a rebound.
10:16 of 1st period - Shot by Roman Hamrlik.
10:16 of 1st period - Shot Blocked by Francis Bouillon.
10:34 of 1st period - Craig Conroy is hit by Shawn Horcoff and loses puck.
11:48 of 1st period - Icing by Jaroslav Modry.
11:49 of 1st period - Ethan Moreau wins face-off versus Matthew Lombardi in Flames zone.
13:24 of 1st period - Shot by Raffi Torres.
13:24 of 1st period - Shot Misses the Net.
13:26 of 1st period - Shot by Steve Staios.
13:26 of 1st period - Stopped by Nikolai Khabibulin with a rebound.
13:30 of 1st period - Shot by Alexander Perezhogin.
13:30 of 1st period - Stopped by Nikolai Khabibulin without a rebound.
13:31 of 1st period - Daymond Langkow wins face-off versus Saku Koivu in Flames zone.
13:40 of 1st period - Shot by Daymond Langkow.
13:40 of 1st period - Stopped by Dwayne Roloson without a rebound.
13:41 of 1st period - Saku Koivu wins face-off versus Craig Conroy in Oilers zone.
14:07 of 1st period - Off-side.
14:08 of 1st period - Daymond Langkow wins face-off versus Patrick Thoresen in neutral zone.
14:51 of 1st period - Ryan Johnson is hit by Jarome Iginla and loses puck.
15:40 of 1st period - Shot by Petr Sykora.
15:40 of 1st period - Shot Misses the Net.
15:42 of 1st period - Shot by Francis Bouillon.
15:42 of 1st period - Shot Blocked by Jaroslav Modry.
15:44 of 1st period - Shot by Ryan Smyth.
15:44 of 1st period - Stopped by Nikolai Khabibulin without a rebound.
15:45 of 1st period - Jussi Jokinen wins face-off versus Saku Koivu in Flames zone.
15:52 of 1st period - Pierre-Marc Bouchard is hit by Mike Johnson and loses puck.
16:01 of 1st period - Shot by Jussi Jokinen.
16:01 of 1st period - Stopped by Dwayne Roloson without a rebound.
16:02 of 1st period - Pierre-Marc Bouchard wins face-off versus Jussi Jokinen in Oilers zone.
16:27 of 1st period - Shot by Jussi Jokinen.
16:27 of 1st period - Deflect By Mike Johnson.
16:27 of 1st period - Stopped by Dwayne Roloson without a rebound.
16:28 of 1st period - Daymond Langkow wins face-off versus Shawn Horcoff in Oilers zone.
17:05 of 1st period - Off-side.
17:06 of 1st period - Saku Koivu wins face-off versus Matthew Lombardi in neutral zone.
17:18 of 1st period - Jaroslav Spacek is hit by Matthew Lombardi and loses puck.
17:30 of 1st period - Icing by Bill Guerin.
17:31 of 1st period - Ethan Moreau wins face-off versus Matthew Lombardi in Flames zone.
17:41 of 1st period - Matthew Lombardi is hit by Ethan Moreau and loses puck.
17:46 of 1st period - Steve Staios is hit by Bill Guerin.
18:06 of 1st period - Ethan Moreau is hit by Marcus Nilson and loses puck.
18:20 of 1st period - Icing by Ethan Moreau.
18:21 of 1st period - Daymond Langkow wins face-off versus Ethan Moreau in Oilers zone.
18:24 of 1st period - Shot by Jarome Iginla.
18:24 of 1st period - Shot Blocked by Ethan Moreau.
18:49 of 1st period - Icing by Ethan Moreau.
18:50 of 1st period - Alexander Perezhogin wins face-off versus Marcus Nilson in Oilers zone.
18:56 of 1st period - Minor Penalty to Andrew Ference for Hooking.
18:57 of 1st period - Pierre-Marc Bouchard wins face-off versus Craig Macdonald in neutral zone.

Period #2

0:01 of 2nd period - Saku Koivu wins face-off versus Craig Conroy in neutral zone.
0:16 of 2nd period - Shot by Saku Koivu.
0:16 of 2nd period - Stopped by Nikolai Khabibulin without a rebound.
0:17 of 2nd period - Shawn Horcoff wins face-off versus Craig Macdonald in Flames zone.
0:55 of 2nd period - Shot by Ryan Smyth.
0:55 of 2nd period - Deflect By Petr Sykora.
0:55 of 2nd period - Stopped by Nikolai Khabibulin without a rebound.
0:56 of 2nd period - Matthew Lombardi wins face-off versus Saku Koivu in Flames zone.
1:15 of 2nd period - Icing by Bill Guerin.
1:16 of 2nd period - Matthew Lombardi wins face-off versus Ethan Moreau in Flames zone.
1:23 of 2nd period - Shot by Matthew Lombardi.
1:23 of 2nd period - Stopped by Dwayne Roloson without a rebound.
1:24 of 2nd period - Ryan Johnson wins face-off versus Daymond Langkow in Oilers zone.
1:24 of 2nd period - Ryan Johnson is hit by Jarome Iginla.
1:46 of 2nd period - Ryan Johnson is hit by Alex Tanguay.
1:54 of 2nd period - Shot by Ryan Johnson.
1:54 of 2nd period - Shot Misses the Net.
2:11 of 2nd period - Minor Penalty to Roman Hamrlik for Cross-checking.
2:12 of 2nd period - Craig Macdonald wins face-off versus Shawn Horcoff in neutral zone.
3:30 of 2nd period - Andrew Ference is hit by Saku Koivu and loses puck.
3:35 of 2nd period - Shot by Jaroslav Spacek.
3:35 of 2nd period - Stopped by Nikolai Khabibulin without a rebound.
3:36 of 2nd period - Shawn Horcoff wins face-off versus Craig Conroy in Flames zone.
4:31 of 2nd period - Shot by Alexander Perezhogin.
4:31 of 2nd period - Shot Misses the Net.
5:06 of 2nd period - Off-side.
5:07 of 2nd period - Pierre-Marc Bouchard wins face-off versus Matthew Lombardi in neutral zone.
5:09 of 2nd period - Off-side.
5:10 of 2nd period - Matthew Lombardi wins face-off versus Saku Koivu in neutral zone.
5:46 of 2nd period - Shot by Matthew Lombardi.
5:46 of 2nd period - Deflect By Kristian Huselius.
5:46 of 2nd period - Shot Blocked by Nicklas Lidstrom.
5:48 of 2nd period - Shot by Bill Guerin.
5:48 of 2nd period - Shot Misses the Net.
5:50 of 2nd period - Shot by Matthew Lombardi.
5:50 of 2nd period - Shot Blocked by Jaroslav Spacek.
5:57 of 2nd period - Icing by Nicklas Lidstrom.
5:58 of 2nd period - Saku Koivu wins face-off versus Jussi Jokinen in Oilers zone.
5:58 of 2nd period - Saku Koivu is hit by Mike Johnson.
6:01 of 2nd period - Nicklas Lidstrom is hit by Mike Johnson.
6:15 of 2nd period - Icing by Andrew Ference.
6:16 of 2nd period - Shawn Horcoff wins face-off versus Mike Johnson in Flames zone.
6:42 of 2nd period - Minor Penalty to Rhett Warrener for Interference.
6:43 of 2nd period - Craig Conroy wins face-off versus Shawn Horcoff in Flames zone.
7:15 of 2nd period - Off-side.
7:16 of 2nd period - Craig Macdonald wins face-off versus Pierre-Marc Bouchard in neutral zone.
9:05 of 2nd period - Shot by Jarome Iginla.
9:05 of 2nd period - Shot Misses the Net.
9:15 of 2nd period - Shot by Jarome Iginla.
9:15 of 2nd period - Shot Misses the Net.
9:17 of 2nd period - Shot by Daymond Langkow.
9:17 of 2nd period - Stopped by Dwayne Roloson without a rebound.
9:18 of 2nd period - Ryan Johnson wins face-off versus Kristian Huselius in Oilers zone.
9:53 of 2nd period - Minor Penalty to Nicklas Lidstrom for Cross-checking.
9:54 of 2nd period - Matthew Lombardi wins face-off versus Shawn Horcoff in Oilers zone.
9:55 of 2nd period - Shot by Kristian Huselius.
9:55 of 2nd period - Shot Blocked by Francis Bouillon.
9:57 of 2nd period - Shot by Bill Guerin.
9:57 of 2nd period - Stopped by Dwayne Roloson without a rebound.
9:58 of 2nd period - Matthew Lombardi wins face-off versus Shawn Horcoff in Oilers zone.
10:38 of 2nd period - Off-side.
10:39 of 2nd period - Daymond Langkow wins face-off versus Ryan Johnson in neutral zone.
10:50 of 2nd period - Shot by Daymond Langkow.
10:50 of 2nd period - Shot Blocked by Francis Bouillon.
10:52 of 2nd period - Shot by Jarome Iginla.
10:52 of 2nd period - Shot Blocked by Pierre-Marc Bouchard.
10:54 of 2nd period - Shot by Daymond Langkow.
10:54 of 2nd period - Shot Misses the Net.
10:56 of 2nd period - Shot by Jarome Iginla.
10:56 of 2nd period - Stopped by Dwayne Roloson without a rebound.
10:57 of 2nd period - Daymond Langkow wins face-off versus Shawn Horcoff in Oilers zone.
11:06 of 2nd period - Shot by Dion Phaneuf.
11:06 of 2nd period - Stopped by Dwayne Roloson without a rebound.
11:07 of 2nd period - Shawn Horcoff wins face-off versus Daymond Langkow in Oilers zone.
11:32 of 2nd period - Shot by Alex Tanguay.
11:32 of 2nd period - Stopped by Dwayne Roloson without a rebound.
11:33 of 2nd period - Matthew Lombardi wins face-off versus Ryan Johnson in Oilers zone.
11:36 of 2nd period - Shot by Bill Guerin.
11:36 of 2nd period - Stopped by Dwayne Roloson without a rebound.
11:37 of 2nd period - Ryan Johnson wins face-off versus Matthew Lombardi in Oilers zone.
12:03 of 2nd period - Icing by Rhett Warrener.
12:04 of 2nd period - Saku Koivu wins face-off versus Jussi Jokinen in Flames zone.
12:05 of 2nd period - Shot by Jaroslav Spacek.
12:05 of 2nd period - Stopped by Nikolai Khabibulin without a rebound.
12:06 of 2nd period - Jussi Jokinen wins face-off versus Saku Koivu in Flames zone.
12:06 of 2nd period - Marcus Nilson is hit by Pierre-Marc Bouchard.
12:26 of 2nd period - Shot by Saku Koivu.
12:26 of 2nd period - Shot Misses the Net.
12:28 of 2nd period - Shot by Fernando Pisani.
12:28 of 2nd period - Stopped by Nikolai Khabibulin without a rebound.
12:29 of 2nd period - Ethan Moreau wins face-off versus Daymond Langkow in Flames zone.
12:30 of 2nd period - Shot by Raffi Torres.
12:30 of 2nd period - Shot Misses the Net.
12:40 of 2nd period - Shot by Raffi Torres.
12:40 of 2nd period - Shot Misses the Net.
12:58 of 2nd period - Shot by Daymond Langkow.
12:58 of 2nd period - Shot Misses the Net.
13:00 of 2nd period - Shot by Alex Tanguay.
13:00 of 2nd period - Stopped by Dwayne Roloson without a rebound.
13:01 of 2nd period - Matthew Lombardi wins face-off versus Shawn Horcoff in Oilers zone.
14:07 of 2nd period - Shot by Mike Johnson.
14:07 of 2nd period - Shot Hit the Post.
14:09 of 2nd period - Shot by Jussi Jokinen.
14:09 of 2nd period - Shot Misses the Net.
14:17 of 2nd period - Shot by Mike Johnson.
14:17 of 2nd period - Shot Misses the Net.
14:19 of 2nd period - Shot by Andrew Ference.
14:19 of 2nd period - Shot Misses the Net.
14:21 of 2nd period - Shot by Mike Johnson.
14:21 of 2nd period - Shot Blocked by Jaroslav Spacek.
14:25 of 2nd period - Shot by Jussi Jokinen.
14:25 of 2nd period - Stopped by Dwayne Roloson with a rebound.
14:31 of 2nd period - Major / Game Misconduct Penalty to Pierre-Marc Bouchard for Unsportsmanlike conduct.
14:31 of 2nd period - Pierre-Marc Bouchard is ejected from game.
14:32 of 2nd period - Ryan Johnson wins face-off versus Daymond Langkow in Oilers zone.
15:12 of 2nd period - Icing by Dion Phaneuf.
15:13 of 2nd period - Daymond Langkow wins face-off versus Ryan Johnson in Flames zone.
16:47 of 2nd period - Shot by Dion Phaneuf.
16:47 of 2nd period - Stopped by Dwayne Roloson with a rebound.
17:05 of 2nd period - Shot by Jaroslav Modry.
17:05 of 2nd period - Shot Misses the Net.
18:33 of 2nd period - Shot by Andrew Ference.
18:33 of 2nd period - Stopped by Dwayne Roloson without a rebound.
18:34 of 2nd period - Matthew Lombardi wins face-off versus Ryan Johnson in Oilers zone.
18:47 of 2nd period - Shot by Robyn Regehr.
18:47 of 2nd period - Shot Blocked by Francis Bouillon.
18:49 of 2nd period - Shot by Matthew Lombardi.
18:49 of 2nd period - Shot Misses the Net.
18:53 of 2nd period - Shot by Kristian Huselius.
18:53 of 2nd period - Stopped by Dwayne Roloson without a rebound.
18:54 of 2nd period - Shawn Horcoff wins face-off versus Craig Conroy in Oilers zone.
19:37 of 2nd period - Shot by Raffi Torres.
19:37 of 2nd period - Stopped by Nikolai Khabibulin with a rebound.
19:39 of 2nd period - Shot by Steve Staios.
19:39 of 2nd period - Shot Blocked by Andrew Ference.
19:43 of 2nd period - Shot by Steve Staios.
19:43 of 2nd period - Stopped by Nikolai Khabibulin without a rebound.
19:44 of 2nd period - Mike Johnson wins face-off versus Ethan Moreau in Flames zone.

Period #3

0:01 of 3rd period - Jussi Jokinen wins face-off versus Ethan Moreau in neutral zone.
0:59 of 3rd period - Shot by Saku Koivu.
0:59 of 3rd period - Shot Misses the Net.
1:03 of 3rd period - Shot by Saku Koivu.
1:03 of 3rd period - Stopped by Nikolai Khabibulin with a rebound.
1:07 of 3rd period - Shot by Shawn Horcoff.
1:07 of 3rd period - Stopped by Nikolai Khabibulin without a rebound.
1:08 of 3rd period - Saku Koivu wins face-off versus Craig Conroy in Flames zone.
1:36 of 3rd period - Icing by Fernando Pisani.
1:37 of 3rd period - Saku Koivu wins face-off versus Daymond Langkow in Oilers zone.
1:39 of 3rd period - Nicklas Lidstrom is hit by Dion Phaneuf.
3:09 of 3rd period - Shot by Kristian Huselius.
3:09 of 3rd period - Stopped by Dwayne Roloson with a rebound.
3:13 of 3rd period - Shot by Kristian Huselius.
3:13 of 3rd period - Deflect By Bill Guerin.
3:13 of 3rd period - Stopped by Dwayne Roloson without a rebound.
3:14 of 3rd period - Shawn Horcoff wins face-off versus Kristian Huselius in Oilers zone.
3:21 of 3rd period - Shot by Ryan Smyth.
3:21 of 3rd period - Shot Blocked by Kristian Huselius.
3:23 of 3rd period - Shot by Danny Syvret.
3:23 of 3rd period - Stopped by Nikolai Khabibulin without a rebound.
3:24 of 3rd period - Daymond Langkow wins face-off versus Shawn Horcoff in Flames zone.
4:50 of 3rd period - Icing by Daniel Tjarnqvist.
4:51 of 3rd period - Shawn Horcoff wins face-off versus Craig Conroy in Oilers zone.
4:55 of 3rd period - Daniel Tjarnqvist is hit by Kristian Huselius and loses puck.
5:17 of 3rd period - Craig Conroy is hit by Francis Bouillon and loses puck.
5:52 of 3rd period - Shot by Saku Koivu.
5:52 of 3rd period - Shot Misses the Net.
5:54 of 3rd period - Shot by Saku Koivu.
5:54 of 3rd period - Shot Misses the Net.
6:13 of 3rd period - Off-side.
6:14 of 3rd period - Matthew Lombardi wins face-off versus Marty Reasoner in neutral zone.
6:17 of 3rd period - Jaroslav Spacek is hit by Daymond Langkow and loses puck.
6:56 of 3rd period - Off-side.
6:57 of 3rd period - Marty Reasoner wins face-off versus Matthew Lombardi in neutral zone.
7:12 of 3rd period - Nicklas Lidstrom is hit by Brian Willsie and loses puck.
7:48 of 3rd period - Shot by Daymond Langkow.
7:48 of 3rd period - Stopped by Dwayne Roloson without a rebound.
7:49 of 3rd period - Saku Koivu wins face-off versus Craig Macdonald in Oilers zone.
7:58 of 3rd period - Shawn Horcoff is hit by Jarome Iginla and loses puck.
8:57 of 3rd period - Minor Penalty to Alex Tanguay for Hooking.
8:58 of 3rd period - Craig Conroy wins face-off versus Shawn Horcoff in Flames zone.
9:49 of 3rd period - Minor Penalty to Saku Koivu for Roughing.
9:49 of 3rd period - Minor Penalty to Daymond Langkow for Interference.
9:50 of 3rd period - Kristian Huselius wins face-off versus Marty Reasoner in Flames zone.
9:56 of 3rd period - Icing by Francis Bouillon.
9:57 of 3rd period - Marty Reasoner wins face-off versus Kristian Huselius in Oilers zone.
10:05 of 3rd period - Off-side.
10:06 of 3rd period - Kristian Huselius wins face-off versus Alexander Perezhogin in neutral zone.
11:01 of 3rd period - Shot by Ryan Smyth.
11:01 of 3rd period - Stopped by Nikolai Khabibulin with a rebound.
11:03 of 3rd period - Shot by Ryan Smyth.
11:03 of 3rd period - Shot Blocked by Alex Tanguay.
11:05 of 3rd period - Shot by Ryan Smyth.
11:05 of 3rd period - Stopped by Nikolai Khabibulin without a rebound.
11:06 of 3rd period - Marty Reasoner wins face-off versus Alex Tanguay in Flames zone.
11:31 of 3rd period - Shot by Patrick Thoresen.
11:31 of 3rd period - Stopped by Nikolai Khabibulin without a rebound.
11:32 of 3rd period - Jarome Iginla wins face-off versus Shawn Horcoff in Flames zone.
12:10 of 3rd period - Shot by Petr Sykora.
12:10 of 3rd period - Deflect By Ryan Smyth.
12:10 of 3rd period - Shot Misses the Net.
12:12 of 3rd period - Shot by Shawn Horcoff.
12:12 of 3rd period - Stopped by Nikolai Khabibulin with a rebound.
12:14 of 3rd period - Shot by Shawn Horcoff.
12:14 of 3rd period - Shot Misses the Net.
12:18 of 3rd period - Shot by Shawn Horcoff.
12:18 of 3rd period - Shot Blocked by Roman Hamrlik.
12:35 of 3rd period - Off-side.
12:36 of 3rd period - Daymond Langkow wins face-off versus Ryan Smyth in neutral zone.
12:39 of 3rd period - Francis Bouillon is hit by Kristian Huselius and loses puck.
12:43 of 3rd period - Icing by Jaroslav Spacek.
12:44 of 3rd period - Saku Koivu wins face-off versus Bill Guerin in Oilers zone.
12:53 of 3rd period - Shot by Bill Guerin.
12:53 of 3rd period - Shot Blocked by Ryan Smyth.
12:55 of 3rd period - Shot by Bill Guerin.
12:55 of 3rd period - Deflect By Daymond Langkow.
12:55 of 3rd period - Shot Misses the Net.
12:59 of 3rd period - Shot by Kristian Huselius.
12:59 of 3rd period - Deflect By Daymond Langkow.
12:59 of 3rd period - Shot Misses the Net.
13:47 of 3rd period - Shot by Jarome Iginla.
13:47 of 3rd period - Shot Misses the Net.
14:04 of 3rd period - Jarome Iginla is hit by Saku Koivu and loses puck.
14:24 of 3rd period - Icing by Craig Macdonald.
14:25 of 3rd period - Bill Guerin wins face-off versus Marty Reasoner in Flames zone.
14:44 of 3rd period - Shot by Petr Sykora.
14:44 of 3rd period - Shot Misses the Net.
14:48 of 3rd period - Shot by Petr Sykora.
14:48 of 3rd period - Stopped by Nikolai Khabibulin with a rebound.
14:50 of 3rd period - Shot by Francis Bouillon.
14:50 of 3rd period - Shot Blocked by Andrew Ference.
14:52 of 3rd period - Shot by Jaroslav Spacek.
14:52 of 3rd period - Shot Misses the Net.
14:54 of 3rd period - Shot by Marty Reasoner.
14:54 of 3rd period - Stopped by Nikolai Khabibulin without a rebound.
14:55 of 3rd period - Saku Koivu wins face-off versus Daymond Langkow in Flames zone.
16:23 of 3rd period - Shot by Kristian Huselius.
16:23 of 3rd period - Stopped by Dwayne Roloson without a rebound.
16:24 of 3rd period - Bill Guerin wins face-off versus Saku Koivu in Oilers zone.
16:39 of 3rd period - Shot by Saku Koivu.
16:39 of 3rd period - Shot Misses the Net.
16:41 of 3rd period - Shot by Fernando Pisani.
16:41 of 3rd period - Deflect By Saku Koivu.
16:41 of 3rd period - Goal by Saku Koivu - Flames : 0 - Oilers : 2.
16:42 of 3rd period - Saku Koivu wins face-off versus Kristian Huselius in neutral zone.
17:08 of 3rd period - Minor Penalty to Alex Tanguay for Hooking.
17:09 of 3rd period - Craig Macdonald wins face-off versus Shawn Horcoff in Flames zone.
17:09 of 3rd period - Craig Macdonald is hit by Ryan Smyth.
17:26 of 3rd period - Ryan Smyth is hit by Mike Johnson and loses puck.
17:52 of 3rd period - Icing by Ethan Moreau.
17:53 of 3rd period - Shawn Horcoff wins face-off versus Craig Conroy in Oilers zone.
18:08 of 3rd period - Icing by Steve Staios.
18:09 of 3rd period - Craig Macdonald wins face-off versus Ethan Moreau in Oilers zone.
18:09 of 3rd period - Robyn Regehr is hit by Ethan Moreau and loses puck.
19:28 of 3rd period - Shot by Jarome Iginla.
19:28 of 3rd period - Shot Blocked by Daniel Tjarnqvist.
19:37 of 3rd period - Jarome Iginla is hit by Petr Sykora and loses puck.
19:55 of 3rd period - Shot by Alex Tanguay.
19:55 of 3rd period - Stopped by Dwayne Roloson without a rebound.
19:56 of 3rd period - Saku Koivu wins face-off versus Daymond Langkow in Oilers zone.


Output by the SimonT Hockey Simulator (STHS) for Stephane Roy -- Original Page W3C XHTML 1.0 Valid